 Dungeon Crawl Stone Soup version 0.27-a0-1191-g601b473118 (webtiles) character file.

Game seed: 369412478315930111

280580 wakim the Spry (level 21, -12/159 HPs)
             Began as a Djinni Conjurer on May 24, 2021.
             Was the Champion of Zin.
             Mangled by an ettin
             ... wielding a +0 dire flail
              (32 damage)
             ... on level 1 of the Depths.
             The game lasted 02:24:51 (41241 turns).

wakim the Spry (Djinni Conjurer)                   Turns: 41241, Time: 02:24:52

Health: -12/159    AC: 15    Str: 23    XL:     21   Next: 35%
Gold:   1531       EV: 22    Int: 44    God:    Zin [******] SH: 12 Dex: 19

rFire    + + .     SeeInvis +   b - +7 scimitar "Nastibbo" {vorpal, rN+ Will- Str+4 Int+3}
rCold    + . .     Faith    .   n - +0 kite shield {reflect}
rNeg     + + .     Spirit   .   h - +0 acid dragon scales
rPois    ∞         Reflect  +   G - +2 helmet {SInv}
rElec    +         Harm     .   L - +2 cloak {rC+}
rCorr    +         Rampage  .   z - +0 pair of gloves of Dim Light {Str+3 Int+4}
Will     +....                  (boots unavailable)
Stlth    ++........             s - amulet of regeneration
HPRegen  1.36/turn              B - ring "Xuawacoq" {rElec rN+ MP-9 Str+6 Int+6}
MPRegen  0.00/turn              j - ring of protection from cold

@: vitalised, flying, studying Long Blades
A: sickness immunity, fire resistance 2, cold vulnerability 1, float, innate
caster, hp casting, extra vitality 1
}: 2/15 runes: decaying, serpentine
a: Renounce Religion, Recite, Vitalisation, Imprison, Sanctuary, Donate Gold


You were on level 1 of the Depths.
You worshipped Zin.
Zin was exalted by your worship.
You visited 7 branches of the dungeon, and saw 33 of its levels.
You visited the Abyss 1 time.
You also visited: Bailey, Gauntlet and Ice Cave.

You collected 3738 gold pieces.
You spent 1979 gold pieces at shops.
You donated 228 gold pieces to Zin.

Inventory:

Hand Weapons
 b - the +7 scimitar "Nastibbo" (weapon) {vorpal, rN+ Will- Str+4 Int+3}
   (You bought it in a shop on level 14 of the Dungeon)

   It inflicts extra damage upon your enemies.
   It affects your strength (+4).
   It affects your intelligence (+3).
   It protects you from negative energy.
   It decreases your willpower.
 m - a +2 scimitar of flaming
Missiles
 a - 5 silver javelins
 l - 2 atropa-tipped darts
 o - 4 boomerangs of dispersal {=f!f}
 p - 33 curare-tipped darts {=f}
 q - a throwing net {=f!f}
Armour
 h - +0 acid dragon scales (worn)
 n - a +0 kite shield of reflection (worn)
 z - the +0 pair of gloves of Dim Light (worn) {Str+3 Int+4}
   (You found it on level 4 of the Lair of Beasts)

   It affects your strength (+3).
   It affects your intelligence (+4).
 G - a +2 helmet of see invisible (worn)
 L - a +2 cloak of cold resistance (worn)
Jewellery
 c - a +4 ring of protection
 d - a +4 ring of evasion
 g - the ring "Loaz" {Wiz rF- rCorr Str+7}
   (You bought it in a shop on level 1 of the Orcish Mines)

   [ring of wizardry]

   It improves your spell success rate.
   It affects your strength (+7).
   It makes you vulnerable to fire.
   It protects you from acid and corrosion.
 j - a ring of protection from cold (right hand)
 k - a ring of protection from fire
 s - an amulet of regeneration (around neck)
 B - the ring "Xuawacoq" (left hand) {rElec rN+ MP-9 Str+6 Int+6}
   (You bought it in a shop on level 2 of the Orcish Mines)

   [ring of strength]

   It affects your strength (+6).
   It affects your intelligence (+6).
   It insulates you from electricity.
   It protects you from negative energy.
   It affects your magic capacity (-9).
 P - the ring of Fudanoy {Fire Str-5 Int+2 Slay+2 SInv}
   (You found it on level 1 of the Lair of Beasts)

   [ring of fire]

   It enhances your fire magic.
   It affects your strength (-5).
   It affects your intelligence (+2).
   It affects your accuracy and damage with ranged weapons and melee attacks
   (+2).
   It protects you from fire.
   It makes you vulnerable to cold.
   It lets you see invisible.
 V - the ring of Matehawn {Fly rN+ Slay+3 Stlth-}
   (You took it off Frances on level 1 of the Snake Pit)

   [ring of flight]

   It affects your accuracy and damage with ranged weapons and melee attacks
   (+3).
   It protects you from negative energy.
   It grants you flight.
   It makes you less stealthy.
Wands
 i - a wand of iceblast (27)
 t - a wand of digging (27)
 u - a wand of mindburst (31)
 v - a wand of flame (110)
 w - a wand of acid (27)
 x - a wand of charming (20)
 y - a wand of paralysis (34)
Scrolls
 e - 2 scrolls of brand weapon
 f - 6 scrolls of enchant armour
 r - 19 scrolls of identify
 Q - a scroll of enchant weapon
 R - 2 scrolls of magic mapping {!r}
 S - 4 scrolls of summoning
 T - 11 scrolls of teleportation
 U - 5 scrolls of fear
 W - a scroll of holy word
 X - 2 scrolls of fog
 Y - 4 scrolls of blinking {!r}
 Z - a scroll of silence {!r}
Potions
 A - 7 potions of ambrosia
 C - a potion of berserk rage {!q}
 D - 4 potions of brilliance
 E - 2 potions of cancellation
 F - 12 potions of curing
 H - 8 potions of haste
 I - 5 potions of invisibility
 J - 5 potions of heal wounds
 M - 2 potions of mutation {!q}
 N - 4 potions of might
 O - a potion of resistance


   Skills:
 + Level 16.8 Fighting
 + Level 11.4 Long Blades
 - Level 6.0 Armour
 + Level 17.6 Dodging
 - Level 1.5 Stealth
 * Level 8.5 Shields
 * Level 16.1 Spellcasting
 - Level 11.6 Invocations


You couldn't memorise any spells.
You knew the following spells:

 Your Spells              Type           Power      Damage    Failure   Level
a - Magic Dart            Conj           100%       1d8       0%          1
b - Dazzling Flash        Conj/Hex       100%       N/A       0%          3
c - Sting                 Tmut/Pois      100%       1d8       0%          1
d - Call Imp              Summ           100%       N/A       0%          2
e - Swiftness             Air            100%       N/A       0%          3
f - Manifold Assault      Tloc           100%       N/A       1%          5
g - Lightning Bolt        Conj/Air       54%        1d76      1%          5
h - Freezing Cloud        Conj/Ice/Air   54%        6-21      1%          6
i - Spellforged Servitor  Conj/Summ      54%        N/A       2%          7
j - Statue Form           Tmut/Erth      72%        N/A       1%          6
k - Summon Hydra          Summ           54%        N/A       2%          7
s - Searing Ray           Conj           100%       3d7       0%          2
x - Iskenderun's Mystic   Conj/Tloc      100%       2d19      1%          4
y - Olgreb's Toxic Radia  Pois           100%       N/A       1%          4
z - Fulminant Prism       Conj/Hex       54%        3d23      1%          4
Your spell library was empty.

Dungeon Overview and Level Annotations

Branches:
Dungeon (15/15)            Temple (1/1) D:6            Lair (6/6) D:9
  Swamp (4/4) Lair:4        Snake (4/4) Lair:4          Orc (2/2) D:11
    Elf (0/3) Orc:2        Vaults (0/5) D:14         Depths (1/5) D:15
 Bailey (visited)           IceCv (visited)         Gauntlet (visited)
  Slime: Lair:5-6

Altars:
Ashenzari
Cheibriados
Dithmenos
Elyvilon
Fedhas
Gozag
Hepliaklqana
Kikubaaqudgha
Makhleb
Nemelex Xobeh
Okawaru
Qazlal
Ru
Sif Muna
Trog
Uskayaw
Vehumet
Wu Jian
Xom
Yredelemnul
Zin
The Shining One
Beogh

Shops:
D:1 *   D:7 *   D:8 *   D:14 *   Orc:1 **   Orc:2 **[(=


Innate Abilities, Weirdness & Mutations

You are immune to sickness and miasma.
You are immune to poison.
Your flesh is very heat resistant. (rF++)
You are vulnerable to cold. (rC-)
You float through the air rather than walking.
You learn spells naturally, not from books.
Your magical power is your life essence.
You have superior vitality. (+4 HP)


Message History

The mystic blast hits the great orb of eyes!!
The great orb of eyes is heavily wounded.
The great orb of eyes is knocked back by the mystic blast.
* * * LOW HITPOINT WARNING * * *
The ettin hits you but does no damage. The ettin barely misses you.
You block the ettin's attack.
The ettin hits you with a +2 dire flail of holy wrath!!
* * * LOW HITPOINT WARNING * * *
Casting: Iskenderun's Mystic Blast (safe; 1% risk of failure)
Confirm with . or Enter, or press ? or * to list all spells.
You erupt in a blast of force!
The mystic blast hits the great orb of eyes!!
The great orb of eyes is severely wounded.
The great orb of eyes is knocked back by the mystic blast.
The mystic blast hits the ettin.
The ettin is moderately wounded.
The ettin is knocked back by the mystic blast.
* * * LOW HITPOINT WARNING * * *
The great orb of eyes gazes at you.
Your divine stamina protects you from confusion!
The spark wasp simulacrum misses you.
Unknown command.
The spark wasp simulacrum closely misses you.
You see here a deep troll corpse.
Casting: Iskenderun's Mystic Blast (safe; 1% risk of failure)
Confirm with . or Enter, or press ? or * to list all spells.
You erupt in a blast of force!
The mystic blast hits the vampire mage!
The vampire mage is lightly damaged.
The vampire mage is knocked back by the mystic blast.
The mystic blast hits the spark wasp simulacrum!
The spark wasp simulacrum is heavily damaged.
The spark wasp simulacrum is knocked back by the mystic blast.
The spark wasp simulacrum collides with the vampire mage!
The mystic blast hits the ettin!
The ettin is heavily wounded.
* * * LOW HITPOINT WARNING * * *
The ettin hits you with a +0 dire flail!!
* * * LOW HITPOINT WARNING * * *
The ettin hits you with a +2 dire flail of holy wrath!!
You die...

. ### .. ##.##
...########...#######
#.........[@.<.#.##.#
#.....####.C[.......##
.....=W......÷†÷.....#
......G.Z.........#..#
.......V...†.......###
........(...........#
....................##
...............≈.....#
.(.............§...[.#####


You could see a great orb of eyes, an ettin, a vampire mage and a spark wasp
simulacrum (summoned).

Vanquished Creatures
  the Lernaean hydra (Swamp:4)
  Saint Roka (Snake:2)
  Vashnia (Snake:2)
  Nikola (Swamp:4)
  Jorgrun (Swamp:1)
  A lich (Abyss:2)
  3 tentacled monstrosities
  Frances (Snake:1)
  Roxanne (Snake:3)
  3 azure jellies (IceCv)
  A rockslime (IceCv)
  Donald (Snake:2)
  2 fenstrider witches
  7 nagarajas
  Louise (Snake:2)
  2 orc warlords
  A balrug (Abyss:2)
  5 quicksilver oozes (IceCv)
  2 stone giants
  2 bunyips
  A minotaur (Gauntlet)
  The ghost of PeterLawrence the Fighter, a journeyman MiFi of Okawaru (Lair:1)
  4 eleionomae
  A fire dragon (Lair:6)
  Snorg (Lair:3)
  3 shambling mangroves
  Josephine (Swamp:1)
  Erolcha (D:11)
  4 boulder beetles
  5 vault guards (D:14)
  8 naga warriors
  7 ghost crabs
  An ice dragon (D:15)
  A spriggan air mage (Swamp:4)
  27 hydras
  4 salamander tyrants
  A catoblepas (D:13)
  3 centaur warriors
  The ghost of Terminal the Martial Artist, a journeyman OpTm of Gozag (D:11)
  10 alligators
  6 two-headed ogres
  7 anacondas
  A deep troll shaman (Depths:1)
  3 orc high priests
  3 deep troll earth magi (Depths:1)
  Urug (Lair:2)
  6 death yaks
  2 spriggan berserkers (Swamp:3)
  17 naga sharpshooters
  3 thrashing horrors (Abyss:2)
  3 shock serpents
  Nergalle (Orc:2)
  A skeletal warrior (D:15)
  2 sun demons (Abyss:2)
  An iron troll (Depths:1)
  4 salamander mystics
  3 spriggan druids
  8 goliath frogs
  4 bog bodies
  A lindwurm (Lair:6)
  4 deep trolls (Depths:1)
  14 swamp dragons
  7 naga ritualists
  A wizard (D:14)
  8 orc knights
  A necromancer (D:15)
  A phantasmal warrior (D:15)
  An anaconda skeleton (Abyss:2)
  3 deep elf pyromancers
  3 manticores
  4 oklob plants (Lair:2)
  4 orc sorcerers
  A worldbinder (Abyss:2)
  12 ugly things
  10 mana vipers
  4 cyclopes
  A frost giant zombie (D:15)
  3 will-o-the-wisps
  The ghost of FortyThree the Covert, a novice SpEn of Gozag (D:8)
  16 salamanders
  Maurice (D:8)
  5 elephants
  A fire giant skeleton (D:15)
  A water nymph (shapeshifter) (Abyss:2)
  4 apocalypse crabs (Swamp:1)
  2 molten gargoyles (Lair:6)
  2 ice statues (IceCv)
  4 guardian serpents (Snake:4)
  35 black mambas
  6 gargoyles
  A torpor snail (Lair:6)
  A minotaur zombie (Gauntlet)
  10 cane toads
  22 naga magi
  2 smoke demons (Abyss:2)
  8 rime drakes
  An unseen horror (D:13)
  9 komodo dragons
  Maggie (D:10)
  5 kobold demonologists
  3 yaktaurs (D:15)
  A demonic crawler (Abyss:2)
  An efreet (D:14)
  An ice devil (Abyss:2)
  2 ancient zymes (Abyss:2)
  2 red devils (Abyss:2)
  A guardian mummy (D:15)
  3 meliai (Lair:4)
  A very ugly thing simulacrum (IceCv)
  6 trolls
  3 bloated husks
  A merfolk (shapeshifter) (Abyss:2)
  A queen bee (Lair:4)
  Grinder (D:6)
  12 tyrant leeches
  12 hornets
  28 slime creatures
  9 blink frogs
  3 polar bears
  A raiju (Gauntlet)
  9 dream sheep (Lair:6)
  11 flying skulls
  2 shadows (D:11)
  11 spriggans
  A fire dragon skeleton (D:15)
  71 yaks
  A redback (shapeshifter) (Abyss:2)
  13 wyverns
  Sigmund (D:6)
  3 vampires
  An ice dragon skeleton (D:15)
  4 wraiths
  A hog (shapeshifter) (D:14)
  3 ynoxinuls
  A human (D:14)
  10 vampire mosquitoes
  6 steam dragons
  11 basilisks
  3 chaos spawn (Abyss:2)
  16 swamp worms
  11 wargs
  A demonic crawler simulacrum (IceCv)
  Edmund (D:6)
  3 large abominations (Abyss:2)
  2 acid dragons
  49 nagas
  A floating eye (Abyss:2)
  13 water moccasins
  3 hell hounds (Lair:6)
  3 small abominations (Abyss:2)
  51 orc warriors
  A meliai simulacrum (D:11)
  7 swamp drakes
  An ice beast (D:7)
  11 starcursed masses (Abyss:2)
  2 black bears
  A necrophage (D:5)
  A sky beast (Abyss:2)
  An ugly thing simulacrum (IceCv)
  7 wolves
  4 ogres
  5 phantoms
  3 centaurs
  10 kobold brigands
  6 bullfrogs
  A gnoll sergeant (D:10)
  A glowing shapeshifter simulacrum (IceCv)
  3 wyvern zombies
  A scorpion (D:4)
  28 killer bees
  2 troll zombies (D:11)
  A blink frog simulacrum (Lair:1)
  18 wights
  An electric eel (D:9)
  5 howler monkeys
  A rime drake simulacrum (Lair:1)
  3 crimson imps (Abyss:2)
  5 lava snakes (Lair:6)
  23 orc priests
  A hound (D:5)
  A quasit (Abyss:2)
  5 iron imps
  A water moccasin simulacrum (Lair:1)
  A wyvern simulacrum (Lair:1)
  A bullfrog zombie (D:6)
  4 centaur zombies
  A jelly (D:7)
  3 gnoll shamans
  8 iguanas
  31 orc wizards
  A lightning spire (Gauntlet)
  6 ogre zombies (D:11)
  A basilisk simulacrum (Lair:1)
  A hound skeleton (D:4)
  A howler monkey zombie (D:9)
  18 gnolls
  4 adders
  2 white imps
  An adder zombie (D:5)
  An adder skeleton (D:4)
  A dart slug (D:1)
  71 orcs
  2 ball pythons (D:1)
  5 endoplasms
  2 giant cockroaches
  14 goblins
  7 hobgoblins
  11 jackals
  2 quokkas (D:1)
  4 bats
  2 frilled lizards
  A goblin skeleton (D:11)
  3 goblin zombies (D:11)
  2 hobgoblin zombies (D:11)
  29 kobolds
  3 orc skeletons (D:11)
  15 orc zombies (D:11)
  4 rats
  8 fulminant prisms
  A lurking horror (Abyss:2)
1262 creatures vanquished.

Vanquished Creatures (collateral kills)
  A naga warrior (Snake:1)
  A naga sharpshooter (Snake:1)
  A goliath frog (Swamp:3)
  A guardian serpent (Snake:1)
  A merfolk (shapeshifter) (Abyss:2)
  2 hornets
  A large abomination (Abyss:2)
  2 spriggans (Swamp:1)
  A white imp (Abyss:2)
11 creatures vanquished.

Vanquished Creatures (others)
  A spriggan (Swamp:4)
  3 entropy weaver simulacra (IceCv)
  A hornet (Swamp:4)
  2 demonic crawler simulacra (IceCv)
  2 swamp drakes (Swamp:4)
  2 ugly thing simulacra (IceCv)
  A glowing shapeshifter simulacrum (IceCv)
  An orc (Orc:2)
  2 bushes
  26 demonic plants (Gauntlet)
  10 foxfires
  170 fulminant prisms
  35 fungi
  2 pillars of salt (D:13)
  78 plants
  15 withered plants
351 creatures vanquished.

Grand Total: 1624 creatures vanquished

Notes
Turn   | Place    | Note
-------+----------+-------------------------------------------
     0 | D:1      | wakim the Djinni Conjurer began the quest for the Orb.
     0 | D:1      | Reached XP level 1. HP: 15/15 MP: 0/0
   294 | D:1      | Reached XP level 2. HP: 21/22 MP: 0/0
   320 | D:1      | Reached skill level 1 in Fighting
   503 | D:1      | Reached XP level 3. HP: 19/27 MP: 0/0
   503 | D:1      | Learned a level 1 spell: Sting
   788 | D:1      | Found Pasiosix's Assorted Antiques.
   797 | D:1      | Bought a scroll labelled RICOPP UNOGIFE for 23 gold pieces
  1184 | D:2      | Found an opulent altar of Gozag.
  1781 | D:3      | Found a faded altar of an unknown god.
  1896 | D:3      | Reached XP level 4. HP: 19/32 MP: 0/0
  1945 | D:3      | HP: 1/32 [orc priest/+0 hand axe (3)]
  2442 | D:3      | Reached XP level 5. HP: 13/38 MP: 0/0
  2442 | D:3      | Learned a level 2 spell: Call Imp
  3372 | D:4      | Noticed a phantom
  3383 | D:4      | Killed a phantom
  3384 | D:4      | Reached skill level 5 in Spellcasting
  3384 | D:4      | Reached XP level 6. HP: 21/46 MP: 0/0
  4185 | D:5      | Entered Level 5 of the Dungeon
  4251 | D:5      | Reached XP level 7. HP: 46/50 MP: 0/0
  4251 | D:5      | Learned a level 3 spell: Swiftness
  4617 | D:5      | Noticed a water moccasin
  4623 | D:5      | Killed a water moccasin
  4698 | D:5      | Reached XP level 8. HP: 43/58 MP: 0/0
  5059 | D:5      | Found a glowing silver altar of Zin.
  5390 | D:5      | Reached skill level 3 in Dodging
  6017 | D:6      | Reached skill level 5 in Fighting
  6050 | D:6      | Noticed Grinder
  6056 | D:6      | Killed Grinder
  6340 | D:6      | Reached skill level 4 in Dodging
  6422 | D:6      | Reached XP level 9. HP: 60/65 MP: 0/0
  6422 | D:6      | Learned a level 4 spell: Olgreb's Toxic Radiance
  6423 | D:6      | Noticed Edmund
  6430 | D:6      | Noticed Sigmund
  6452 | D:6      | Killed Edmund
  6698 | D:6      | Killed Sigmund
  7177 | D:6      | Found a staircase to the Ecumenical Temple.
  7197 | Temple   | Entered the Ecumenical Temple
  7811 | D:5      | Became a worshipper of Zin the Law-Giver
  7811 | D:5      | Reached * piety under Zin
  8020 | D:7      | Reached skill level 5 in Dodging
  8231 | D:7      | Found an opulent altar of Gozag.
  8481 | D:7      | Found Gozag's Platinum Reserve.
  9252 | D:8      | Found a stormy altar of Qazlal.
  9287 | D:8      | Found a runed translucent gate.
  9287 | D:8      | Found a runed translucent gate.
  9289 | D:8      | Found a runed translucent gate.
  9291 | D:8      | Noticed FortyThree's ghost (novice SpEn)
  9292 | D:8      | Noticed a centaur warrior
  9473 | D:8      | Reached ** piety under Zin
  9756 | D:8      | Found Gipnioq's Assorted Antiques.
  9848 | D:7      | Reached XP level 10. HP: 14/73 MP: 0/0
 10136 | D:7      | Reached skill level 6 in Dodging
 10781 | D:8      | Noticed Maurice
 10882 | D:8      | Bought a shiny buckler for 202 gold pieces
 11020 | D:8      | Killed Maurice
 11021 | D:8      | Reached skill level 7 in Dodging
 11021 | D:8      | Reached skill level 1 in Shields
 11556 | D:9      | Found a snail-covered altar of Cheibriados.
 11556 | D:9      | Found a sparkling altar of Nemelex Xobeh.
 11556 | D:9      | Found a bloodstained altar of Trog.
 11608 | D:9      | Reached skill level 1 in Invocations
 11744 | D:9      | Reached XP level 11. HP: 37/81 MP: 0/0
 11744 | D:9      | Learned a level 5 spell: Manifold Assault
 12393 | D:9      | Found a staircase to the Lair.
 12473 | D:9      | Noticed a two-headed ogre
 12479 | D:9      | Reached skill level 8 in Dodging
 12482 | D:9      | Killed a two-headed ogre
 12846 | D:9      | Reached *** piety under Zin
 13374 | D:10     | Entered Level 10 of the Dungeon
 13513 | D:10     | Noticed Maggie
 13525 | D:10     | Killed Maggie
 13559 | D:10     | Found a broken altar of Ashenzari.
 13767 | D:10     | Reached **** piety under Zin
 13946 | D:10     | Found a white marble altar of Elyvilon.
 14059 | D:10     | Found an ornate altar of the Wu Jian Council.
 14108 | D:10     | Found a hazy altar of Hepliaklqana.
 14109 | D:10     | Found a faded altar of an unknown god.
 14228 | Lair:1   | Entered Level 1 of the Lair of Beasts
 14297 | Lair:1   | Reached skill level 10 in Spellcasting
 14325 | Lair:1   | Noticed PeterLawrence's ghost (journeyman MiFi)
 14348 | Lair:1   | Reached XP level 12. HP: 86/89 MP: 0/0
 14361 | Lair:1   | Reached ***** piety under Zin
 14621 | Lair:1   | Found a runed translucent gate.
 14621 | Lair:1   | Found a runed translucent gate.
 14621 | Lair:1   | Found a runed translucent gate.
 15066 | D:8      | Reached skill level 9 in Dodging
 15067 | D:8      | Killed a centaur warrior
 15071 | D:8      | Killed FortyThree's ghost
 15444 | Lair:2   | Noticed a death yak
 15481 | Lair:2   | Killed a death yak
 15482 | Lair:2   | Reached skill level 5 in Invocations
 15643 | Lair:2   | Noticed a death yak
 15652 | Lair:2   | Noticed a death yak
 15653 | Lair:2   | Noticed a death yak
 15671 | Lair:2   | Noticed a death yak
 15672 | Lair:2   | Killed a death yak
 15673 | Lair:2   | Killed a death yak
 15688 | Lair:2   | Killed a death yak
 15695 | Lair:2   | Killed a death yak
 16088 | Lair:2   | Reached skill level 10 in Fighting
 16128 | Lair:2   | Reached XP level 13. HP: 77/96 MP: 0/0
 16128 | Lair:2   | Learned a level 5 spell: Lightning Bolt
 16206 | Lair:2   | Noticed a five-headed hydra
 16218 | Lair:2   | Killed a five-headed hydra
 16219 | Lair:2   | Reached skill level 10 in Dodging
 16857 | Lair:3   | Noticed Urug
 17008 | Lair:2   | Killed Urug
 17276 | Lair:3   | You are sucked into a shaft and drop 2 floors!
 17276 | Lair:5   | Noticed an eight-headed hydra
 17303 | Lair:5   | Killed an eight-headed hydra
 17370 | Lair:5   | Noticed an eight-headed hydra
 17386 | Lair:5   | Killed an eight-headed hydra
 17574 | Lair:3   | Noticed Snorg
 17594 | Lair:3   | Killed Snorg
 18079 | Lair:4   | Reached skill level 11 in Dodging
 18152 | Lair:4   | Reached XP level 14. HP: 97/105 MP: 0/0
 18162 | Lair:4   | Found a staircase to the Snake Pit.
 18189 | Lair:4   | Reached skill level 1 in Long Blades
 18189 | Lair:4   | Reached skill level 1 in Armour
 18373 | Lair:4   | Found a staircase to the Swamp.
 18567 | Lair:4   | Found the +10 dark maul {vorpal}
 18805 | Lair:4   | Identified the +0 pair of gloves of Dim Light {Str+3 Int+4}
 19686 | Lair:6   | Entered Level 6 of the Lair of Beasts
 19719 | Lair:6   | Found a gate leading to a gauntlet.
 19752 | Gauntlet | Entered a Gauntlet
 19752 | Gauntlet | Found a transporter.
 19775 | Gauntlet | Found a transporter.
 19786 | Gauntlet | Found a transporter.
 19791 | Gauntlet | Found a transporter.
 19812 | Gauntlet | Found a transporter.
 19816 | Gauntlet | Found the +7 sceptre of Torment {pain, torment}
 19825 | Gauntlet | Found a transporter.
 19855 | Gauntlet | Found a transporter.
 19860 | Gauntlet | Noticed a quicksilver ooze
 19862 | Gauntlet | Found a transporter.
 19862 | Gauntlet | Found a transporter.
 19885 | Gauntlet | Found a transporter.
 19891 | Gauntlet | Found a transporter.
 19895 | Gauntlet | Found a transporter.
 19916 | Gauntlet | Found a transporter.
 19921 | Gauntlet | Found a transporter.
 19923 | Gauntlet | Found a transporter.
 19946 | Gauntlet | Found a transporter.
 19951 | Gauntlet | Found a transporter.
 20000 | Gauntlet | Found a transporter.
 20061 | Gauntlet | Identified the +5 trident of Earthquakes {venom, Str+2}
 20180 | Gauntlet | Identified the +1 hat of Conscience {rElec}
 20213 | Gauntlet | Noticed a minotaur
 20219 | Gauntlet | Killed a minotaur
 20791 | Lair:6   | Reached XP level 15. HP: 98/112 MP: 0/0
 20791 | Lair:6   | Learned a level 6 spell: Freezing Cloud
 20810 | Lair:6   | Reached skill level 12 in Dodging
 20865 | Lair:6   | Found a large runed translucent door.
 20943 | Lair:6   | Found a large runed translucent door.
 21388 | Lair:1   | Killed PeterLawrence's ghost
 21457 | Lair:1   | Identified the ring of Fudanoy {Fire Str-5 Int+2 Slay+2
                  | SInv}
 21694 | D:11     | Found a staircase to the Orcish Mines.
 21698 | D:11     | Reached ****** piety under Zin
 21999 | D:11     | Found a runed translucent gate.
 22000 | D:11     | Found a runed translucent gate.
 22063 | D:11     | Noticed Terminal's ghost (journeyman OpTm)
 22064 | D:11     | Found a runed translucent gate.
 22084 | D:11     | Killed Terminal's ghost
 22126 | D:11     | Identified the +8 fustibalus of the Blue Skies {flame,
                  | +Blink}
 22162 | D:11     | Noticed Erolcha
 22168 | D:11     | Killed Erolcha
 22883 | D:12     | Reached skill level 13 in Dodging
 22979 | D:12     | Found an iron altar of Okawaru.
 23204 | D:13     | Found a flagged portal.
 23245 | Bailey   | Entered a bailey
 24268 | D:13     | Reached XP level 16. HP: 113/120 MP: 0/0
 24536 | Orc:1    | Entered Level 1 of the Orcish Mines
 24908 | Orc:1    | Paralysed by an orc sorcerer for 3 turns
 25178 | Orc:1    | Found Wuaseath's Whimsical Warehouse.
 25453 | Orc:1    | Found Feac Gua's Assorted Antiques.
 25457 | Orc:1    | Bought a fine steel ring for 165 gold pieces
 25457 | Orc:1    | Identified the ring "Loaz" {Wiz rF- rCorr Str+7} (You
                  | bought it in a shop on level 1 of the Orcish Mines)
 25512 | Orc:1    | Found a bloodstained altar of Trog.
 25654 | Orc:2    | Entered Level 2 of the Orcish Mines
 25654 | Orc:2    | Found Viyllis's Assorted Antiques.
 25674 | Orc:2    | Bought a glowing scimitar for 238 gold pieces
 25896 | Orc:2    | Noticed Nergalle
 25965 | Orc:2    | Killed Nergalle
 26368 | Orc:2    | Found Regag's Antique Weapon Shoppe.
 26370 | Orc:2    | Found Pisyn's General Store.
 26528 | Orc:2    | Found a staircase to the Elven Halls.
 26589 | Orc:2    | Found Lumpye's Jewellery Shoppe.
 26597 | Orc:2    | Bought the ring "Xuawacoq" {rElec rN+ MP-9 Str+6 Int+6} for
                  | 844 gold pieces
 26608 | Orc:2    | Found Dungin's Antique Armour Shoppe.
 26898 | Orc:2    | Bought a runed helmet for 255 gold pieces
 27009 | D:14     | Found Mittymp's Assorted Antiques.
 27020 | D:14     | Bought a jewelled scimitar for 252 gold pieces
 27020 | D:14     | Identified the +7 scimitar "Nastibbo" {vorpal, rN+ Will-
                  | Str+4 Int+3} (You bought it in a shop on level 14 of the
                  | Dungeon)
 27063 | D:14     | Reached skill level 14 in Dodging
 27641 | D:14     | Paralysed by an orc sorcerer for 4 turns
 27742 | D:14     | Found a gate to the Vaults.
 27964 | D:15     | Entered Level 15 of the Dungeon
 28106 | D:15     | Reached XP level 17. HP: 85/128 MP: 0/0
 28106 | D:15     | Learned a level 7 spell: Spellforged Servitor
 28311 | D:15     | Found a staircase to the Depths.
 28480 | D:15     | Reached skill level 10 in Invocations
 29172 | Swamp:1  | Entered Level 1 of the Swamp
 29180 | Swamp:1  | Noticed Jorgrun
 29186 | Swamp:1  | Killed Jorgrun
 29240 | Swamp:1  | Was placed under penance by Zin
 29378 | Swamp:1  | Identified a scroll of acquirement
 29393 | Swamp:1  | Acquired a manual of Long Blades
 29539 | Swamp:1  | Noticed a tentacled monstrosity
 29547 | Swamp:1  | Killed a tentacled monstrosity
 29548 | Swamp:1  | Reached skill level 5 in Long Blades
 29681 | Swamp:1  | Noticed Josephine
 29684 | Swamp:1  | Killed Josephine
 29710 | Swamp:1  | Was forgiven by Zin
 30053 | Swamp:1  | Found a runed translucent door.
 30337 | Swamp:1  | Reached skill level 15 in Dodging
 30505 | Swamp:1  | Identified the +8 arbalest "Atoapoj" {penet, rF+ rN+ Int-2}
 30863 | Swamp:2  | Reached XP level 18. HP: 79/137 MP: 0/0
 31626 | Swamp:3  | Noticed a tentacled monstrosity
 31746 | Swamp:3  | Killed a tentacled monstrosity
 31747 | Swamp:3  | Reached skill level 15 in Fighting
 31807 | Swamp:3  | Noticed a tentacled monstrosity
 31819 | Swamp:3  | Killed a tentacled monstrosity
 32517 | Swamp:4  | Entered Level 4 of the Swamp
 32653 | Swamp:4  | Noticed Nikola
 32820 | Swamp:4  | Killed Nikola
 33006 | Swamp:4  | Reached skill level 16 in Dodging
 33128 | Swamp:4  | Noticed the 27-headed Lernaean hydra
 33138 | Swamp:4  | Killed the 27-headed Lernaean hydra
 33444 | Swamp:4  | Reached XP level 19. HP: 137/144 MP: 0/0
 33444 | Swamp:4  | Learned a level 6 spell: Statue Form
 33588 | Swamp:4  | Reached skill level 15 in Spellcasting
 33639 | Swamp:4  | Got a decaying rune of Zot
 33890 | Snake:1  | Entered Level 1 of the Snake Pit
 33919 | Snake:1  | Identified the ring of Matehawn {Fly rN+ Slay+3 Stlth-}
 33919 | Snake:1  | Noticed Frances
 33981 | Snake:1  | Killed Frances
 34127 | Snake:1  | Found a frozen archway.
 34192 | IceCv    | Entered an ice cave
 34769 | IceCv    | Found a viscous altar of Jiyva.
 34787 | IceCv    | Identified the +0 robe of Wauji {+Inv rC++ Int+4}
 35385 | Snake:2  | Noticed Saint Roka
 35475 | Snake:2  | Noticed Donald
 35481 | Snake:2  | Killed Donald
 35482 | Snake:2  | Killed Saint Roka
 35710 | Snake:2  | Reached skill level 17 in Dodging
 35811 | Snake:2  | Noticed Louise
 35812 | Snake:2  | Noticed Vashnia
 35910 | Snake:2  | Cast into level 2 of the Abyss (Louise)
 35914 | Abyss:2  | Found a corrupted altar of Lugonu.
 36192 | Abyss:2  | Noticed a lich
 36210 | Abyss:2  | Killed a lich
 36211 | Abyss:2  | Reached XP level 20. HP: 95/152 MP: 0/0
 36230 | Abyss:2  | Reached skill level 5 in Shields
 36296 | Abyss:2  | Paralysed by accursed screaming for 1 turns
 36300 | Abyss:2  | Reached skill level 10 in Long Blades
 36506 | Snake:2  | Escaped the Abyss
 36514 | Snake:2  | Killed Louise
 36623 | Snake:2  | Killed Vashnia
 37387 | Snake:3  | Reached skill level 5 in Armour
 38202 | Snake:3  | Identified Roxanne's Papyrus of Transformation
 38202 | Snake:3  | Noticed Roxanne
 38245 | Snake:3  | Killed Roxanne
 38929 | Snake:4  | Entered Level 4 of the Snake Pit
 39881 | Snake:4  | Reached XP level 21. HP: 96/158 MP: 0/0
 39881 | Snake:4  | Learned a level 7 spell: Summon Hydra
 40633 | Snake:4  | Got a serpentine rune of Zot
 40987 | Depths:1 | Entered Level 1 of the Depths
 41241 | Depths:1 | Mangled by an ettin

Illustrated notes

Levels and vault maps discovered:
D:1:      minmay_arrival_four_circles, layout_rooms, serial_shops, shop
D:2:      layout_rooms, basic_altar
D:3:      layout_rooms, shapermc_ecumenical_altar_mp_urbaneastern,
          roderic_filled_cross
D:4:      layout_gridville, minmay_misc_feat_x
D:5:      layout_basic, nicolae_overflow_crystal_walls,
          amcnicky_mini_rare_corridor_liquid, chequers_serial_rivers_micro_e
D:6:      layout_basic, lemuel_crystal_altar, minmay_temple_entry_poolview,
          uniq_grinder, uniq_edmund, uniq_sigmund
D:7:      layout_layer_cave, nicolae_gozag_zags_fifth_avenue
D:8:      layout_loops_corners, marbit_many_paths, gammafunk_ghost_split,
          serial_shops, nicolae_shop_overgrown_old_shop, uniq_maurice
D:9:      layout_loops_ring, chequers_temple_overflow_statue_of_worship,
          minmay_lair_entry_grove, hangedman_abyss_or_decor_lesser_grid,
          serial_park_tiny_2, st_stairs_7, minmay_misc_feat_five,
          kennysheep_generic_room_16
D:10:     layout_loops_ring, beargit_hepliaklqana_dungeon_heroes,
          nicolae_ashenzari_skybound, overflow_temple_1_default,
          nicolae_overflow_hidden_temple, hangedman_decor_peaks_small,
          uniq_maggie
D:11:     layout_loops_cross, zombieorc2_lemuel, gammafunk_ghost_nasty_kobolds,
          uniq_erolcha
D:12:     layout_basic, okawaru_metal_pillars_1_2
D:13:     layout_stronghold, enter_bailey_5
D:14:     layout_basic, grunt_vaults_entry_fortified, serial_shops,
          nicolae_shop_overgrown_old_shop, minmay_misc_feat_plants
D:15:     gammafunk_depths_entry_grave, layout_loops_ring,
          nicolae_vehumet_altar_sigil, patterned_corridor
Temple:   chequers_temple_sunken
Lair:1:   layout_cave_pods, basic_altar, gammafunk_ghost_icy,
          lemuel_fruit_fields
Lair:2:   layout_small_grid, lemuel_fruit_tree, minmay_lair_oklob_chamber
Lair:3:   layout_regular_city, beast_lair_carwin_7, grunt_megastairs_5,
          infiniplex_staircase_pool, uniq_snorg, uniq_urug
Lair:4:   layout_gridlike, minmay_swamp_entry_worms,
          minmay_snake_entry_six_corridors, special_room [special_room_bee],
          infiniplex_staircase_pool_2
Lair:5:   layout_gridlike, grunt_forest_large_clearing_hut
Lair:6:   cheibrodos_lair_end_hotspot, layout_cave_pods, slime_altar_2,
          gauntlet_entry_generic, minivault_23
Swamp:1:  gammafunk_mikee_crab_dinner, layout_falls_marsh, serial_swamp_ruin,
          hangedman_swamp_ruin_wall, evilmike_swamp_ruin_house_5, uniq_jorgrun,
          uniq_josephine
Swamp:2:  layout_basic_swamp, nicolae_swamp_treefoil, nzn_swamp_stair_ambush
Swamp:3:  layout_basic_swamp, evilmike_swamp_ruin_house_1, swamp_pool5,
          nicolae_swamp_some_circles
Swamp:4:  swamp_old_school, layout_basic_swamp, uniq_nikola
Snake:1:  layout_misc_corridors, portal_ice_cave_entry_pillars_1, drop_trap,
          uniq_frances
Snake:2:  layout_grid_maze, grunt_ministairs_6, uniq_louise, uniq_donald,
          uniq_saint_roka, uniq_vashnia
Snake:3:  layout_grid_maze, uniq_roxanne
Snake:4:  johnstein_snake_rune_scales, layout_misc_corridors, basic_altar
Orc:1:    layout_caves, special_room [special_room_orc], serial_shops,
          nicolae_shop_behind_doors, basic_altar, nicolae_alphabet_shops,
          nooodl_orcs_dogs
Orc:2:    grunt_orc_cross, layout_caves, serial_shops, shop
Depths:1: layout_cave_pools, enter_ziggurat_a, hell_entry, serial_shops,
          statue_bzr, hangedman_decor_diamond_cutter, nicolae_elemental_shop,
          kennysheep_two_boxes

Skill      XL: |  1  2  3  4  5  6  7  8  9 10 11 12 13 14 15 16 17 18 19 20 21 |
---------------+----------------------------------------------------------------+-----
Fighting       | 1 2 3 4 5 6 8 9 10 11 12 13 14 15 16 | 16.8
Spellcasting   | 4 5 6 7 8 9 10 11 12 13 14 15 16 | 16.1
Dodging        | 4 5 7 8 9 11 13 14 15 16 17 | 17.6
Shields        | 2 4 7 8 |  8.5
Invocations    | 1 4 7 8 9 10 11 | 11.6
Long Blades    | 4 6 8 9 11 | 11.4
Armour         | 4 6 |  6.0
Stealth        | |  1.5

Action                   |  1- 3 |  4- 6 |  7- 9 | 10-12 | 13-15 | 16-18 | 19-21 || total
-------------------------+-------+-------+-------+-------+-------+-------+-------++-------
Melee: Spear             |       |     2 |       |       |       |       |       ||     2
       Falchion          |       |       |       |    11 |     6 |     2 |       ||    19
       Scimitar          |       |       |       |       |       |     6 |   118 ||   124
 Cast: Magic Dart        |    56 |    28 |    26 |    13 |    11 |     1 |       ||   135
       Searing Ray       |     5 |    18 |    52 |    68 |   101 |    13 |     2 ||   259
       Iskenderun's Myst |       |       |     9 |    52 |   186 |   192 |   230 ||   669
       Fulminant Prism   |       |       |     8 |    35 |    52 |    32 |    51 ||   178
       Olgreb's Toxic Ra |       |       |       |     1 |     5 |     7 |       ||    13
       Manifold Assault  |       |       |       |     6 |     1 |       |     3 ||    10
       Lightning Bolt    |       |       |       |       |   162 |   481 |   231 ||   874
       Freezing Cloud    |       |       |       |       |     4 |     1 |     2 ||     7
       Swiftness         |       |       |       |       |       |     1 |       ||     1
       Spellforged Servi |       |       |       |       |       |     7 |     3 ||    10
       Dazzling Flash    |       |       |       |       |       |       |     1 ||     1
Invok: Recite            |       |       |     2 |     2 |     2 |       |     3 ||     9
       Sanctuary         |       |       |       |       |     1 |       |       ||     1
       Vitalisation      |       |       |       |       |     7 |     4 |     3 ||    14
  Use: Scroll            |       |    14 |     2 |     5 |     5 |     3 |     4 ||    33
       Potion            |       |     1 |     1 |       |       |       |     3 ||     5
Armor: Robe              |     1 |     2 |     4 |     1 |       |       |       ||     8
       Acid dragon scale |       |       |       |    12 |    88 |    61 |    73 ||   234
Dodge: Dodged            |     3 |    11 |    16 |    65 |   183 |   139 |   236 ||   653
Block: Buckler           |       |       |       |    29 |   104 |    64 |    35 ||   232
       Kite shield       |       |       |       |       |       |       |   131 ||   131
       Reflection        |       |       |       |       |       |       |    29 ||    29
       Rpst.: Falchion   |       |       |       |    21 |    39 |    12 |       ||    72
       Scimitar          |       |       |       |       |     6 |    21 |    42 ||    69

Table legend: (Time is in decaauts)
 A = Elapsed time spent in this place.
 B = Non-inter-level travel time spent in this place.
 C = Inter-level travel time spent in this place.
 D = Time resting spent in this place.
 E = Time spent auto-exploring this place.
 F = Levels seen in this place.
 G = Mean time per level.
                   A        B        C        D        E       F      G
               +--------+--------+--------+--------+--------+-----+--------+
         Total |  41365 |  38721 |   2644 |   3790 |  27742 |  37 | 1118.0 |
       Dungeon |  19058 |  17881 |   1177 |   1431 |  14125 |  15 | 1270.5 |
        Temple |    531 |    508 |     23 |      0 |    468 |   1 |  531.0 |
          Lair |   7044 |   6473 |    571 |    489 |   4504 |   6 | 1174.0 |
         Swamp |   4590 |   4335 |    255 |    754 |   2780 |   4 | 1147.5 |
     Snake Pit |   5508 |   5045 |    463 |    569 |   3413 |   4 | 1377.0 |
  Orcish Mines |   2393 |   2240 |    153 |    298 |   1441 |   2 | 1196.5 |
        Depths |    106 |    106 |      0 |      0 |     16 |   1 |  106.0 |
         Abyss |    598 |    598 |      0 |     72 |    253 |   1 |  598.0 |
        Bailey |    310 |    310 |      0 |      0 |    198 |   1 |  310.0 |
      Ice Cave |    699 |    699 |      0 |    140 |    271 |   1 |  699.0 |
      Gauntlet |    524 |    524 |      0 |     37 |    273 |   1 |  524.0 |
               +--------+--------+--------+--------+--------+-----+--------+

Top non-repeatable levels by time:
     D:8: 2272 daAuts
 Snake:3: 2253 daAuts
     D:9: 1835 daAuts
     D:7: 1666 daAuts
 Swamp:1: 1654 daAuts
     D:5: 1614 daAuts
  Lair:2: 1597 daAuts
   Orc:1: 1525 daAuts
     D:4: 1475 daAuts
  Lair:4: 1380 daAuts
  Lair:1: 1262 daAuts
 Snake:2: 1235 daAuts
     D:6: 1210 daAuts
 Snake:4: 1158 daAuts
    D:14: 1158 daAuts
